 Dungeon Crawl Stone Soup version 0.28.0-45-g0d030f2227 (webtiles) character file.

Game seed: 6079703719421176417

102 powzer the Ruffian (level 4, -10/44 HPs)
             Began as a Troll Berserker on Apr 17, 2022.
             Was a Believer of Trog.
             Mangled by Sigmund
             ... wielding a +1 scythe of venom
              (13 damage)
             ... on level 3 of the Dungeon.
             The game lasted 00:38:49 (2935 turns).

powzer the Ruffian (Troll Berserker)                Turns: 2935, Time: 00:38:49

Health: -10/44     AC:  4    Str: 27    XL:     4   Next: 50%
Magic:  3/3        EV:  6    Int:  3    God:    Trog [**....]
Gold:   72         SH:  9    Dex:  9    Spells: 3/3 levels left

rFire   . . .      SeeInvis .     - Unarmed
rCold   . . .      Faith    .   h - +0 tower shield
rNeg    . . .      Spirit   .   a - +0 animal skin
rPois   .          Reflect  .   (helmet restricted)
rElec   .          Harm     +   j - scarf {harm}
rCorr   .          Rampage  .   (gloves unavailable)
Will    .....                   (boots unavailable)
Stlth   +.........              (no amulet)
HPRegen 0.94/turn               (no ring)
MPRegen 0.08/turn               (no ring)

@: lethally poisoned (-10 -> -23)
A: large, unfitting armour, claws 3, regeneration 1, shaggy fur 1, tough skin 1
a: Renounce Religion, Berserk, Trog's Hand


You were on level 3 of the Dungeon.
You worshipped Trog.
Trog was pleased with you.
You visited 1 branch of the dungeon, and saw 3 of its levels.

You collected 72 gold pieces.

Inventory:

Hand Weapons
 d - a +0 whip
 f - a +0 club
Missiles
 c - 20 poisoned darts (quivered)
 e - 104 stones
 k - 3 silver javelins
Armour
 a - a +0 animal skin (worn)
 h - a +0 tower shield (worn)
 j - a scarf of harm (worn)
Scrolls
 b - 3 scrolls of identify {unknown}
 i - 2 scrolls of teleportation {unknown}
 l - a scroll of fog {unknown}
 n - 2 scrolls of magic mapping {unknown}


   Skills:
 * Level 2.9 Fighting
 + Level 3.0 Dodging
 * Level 0.6 Shields
 * Level 4.2 Unarmed Combat


You had 3 spell levels left.
You didn't know any spells.
Your spell library was empty.

Dungeon Overview and Level Annotations

Branches:
Dungeon (3/15)

Altars:

Annotations:
D:3 Sigmund


Innate Abilities, Weirdness & Mutations

You are too large for most types of armour.
You have claws for hands.
Your natural rate of healing is unusually fast.
You are covered in fur. (AC +1)
You have tough skin. (AC +1)


Message History

The gnoll is heavily wounded.
You block the gnoll's attack.
You barely miss the gnoll.
The gnoll is heavily wounded.
A gnoll comes into view. It is wielding a +0 club.
The gnoll completely misses you.
The gnoll hits you from afar with a +0 spear.
The gnoll hits you with a +0 whip.
You claw the gnoll!
You kill the gnoll!
Trog accepts your kill.
Your Dodging skill increases to level 3!
You see here a +0 whip.
You scratch the gnoll.
The gnoll is moderately wounded.
The gnoll hits you from afar with a +0 spear.
You block the gnoll's attack.
You scratch the gnoll.
The gnoll is severely wounded.
The gnoll closely misses you. You block the gnoll's attack.
You claw the gnoll!
You kill the gnoll!
Trog accepts your kill. The gnoll completely misses you.
Something completely misses you.
You barely miss the gnoll. Something hits you!
You are poisoned.
The gnoll hits you with a +0 spear. The gnoll barely misses you.
You barely miss the gnoll.
You feel very sick. Something hits you!
* * * LOW HITPOINT WARNING * * *
You are lethally poisoned!
The gnoll barely misses you. The gnoll hits you with a +0 club.
* * * LOW HITPOINT WARNING * * *
* * * LOW HITPOINT WARNING * * *
You feel very sick. The gnoll hits you with a +0 spear.
* * * LOW HITPOINT WARNING * * *
Something hits you!
You die...

.......# ###..##...#
.......# #....###.##
..##...# #.....##.#
..###### #...#.##.##
..########.........#
.........#.........#
...........^.......#
.........##'#......# ###
...###...)..####@)#.....
#### #......# #gg#.....
#......####){......
####...........####.##
#.........####.# +#
#........## #.#
#........# #.#
#........# #.#
#....##### #..


You could see 2 gnolls.

Vanquished Creatures
  An adder (D:3)
  2 gnolls (D:3)
  3 dart slugs
  9 ball pythons
  7 endoplasms
  4 giant cockroaches
  5 goblins
  9 hobgoblins
  7 kobolds
  4 quokkas
  A bat (D:3)
  6 frilled lizards
  5 rats
63 creatures vanquished.

Notes
Turn   | Place    | Note
-------+----------+-------------------------------------------
     0 | D:1      | powzer the Troll Berserker began the quest for the Orb.
     0 | D:1      | Reached XP level 1. HP: 22/22 MP: 0/0
    68 | D:1      | Found a faded altar of an unknown god.
   131 | D:1      | Reached XP level 2. HP: 29/29 MP: 1/1
   657 | D:1      | Reached XP level 3. HP: 36/36 MP: 2/2
   769 | D:1      | Reached ** piety under Trog
  2537 | D:3      | Reached skill level 4 in Unarmed Combat
  2537 | D:3      | Reached XP level 4. HP: 34/44 MP: 3/3
  2919 | D:3      | Noticed Sigmund
  2935 | D:3      | Mangled by Sigmund

Illustrated notes

Levels and vault maps discovered:
D:1:      roderic_crossed_star, layout_loops_ring,
          nicolae_ecumenical_snake_handling, minmay_pentomino_w4
D:2:      layout_rooms
D:3:      layout_basic, uniq_sigmund

Skill      XL: |  1  2  3  4 |
---------------+-------------+-----
Unarmed Combat | 4 |  4.2
Dodging        | 3 |  3.0
Fighting       | |  2.9
Shields        | |  0.6

Action                   |  1- 3 |  4- 6 || total
-------------------------+-------+-------++-------
Melee: Unarmed           |   125 |    23 ||   148
  Use: Potion            |       |     2 ||     2
Armor: Animal skin       |    34 |     6 ||    40
Dodge: Dodged            |    38 |     7 ||    45
Block: Tower shield      |    24 |     7 ||    31
